 Dungeon Crawl Stone Soup version 0.20-a0-1065-g8446734 (webtiles) character file.

324 FrancescoMac the Skirmisher (level 6, -4/48 HPs)
             Began as a Demonspawn Chaos Knight on Apr 28, 2017.
             Slain by an ogre
             ... wielding a +0 giant club
              (18 damage)
             ... on level 4 of the Dungeon.
             The game lasted 00:12:52 (3072 turns).

FrancescoMac the Skirmisher (DsCK)                  Turns: 3072, Time: 00:12:53

Health: -4/48      AC:  8    Str: 12    XL:     6   Next: 23%
Magic:  6/6        EV: 12    Int: 13    God:    Xom [....*.]
Gold:   178        SH:  0    Dex: 15    Spells: 5/5 levels left

rFire    . . .     SeeInvis .   a - +0 falchion (chaos)
rCold    . . .     Gourm    .   (no shield)
rNeg     + . .     Faith    .   o - +2 leather armour {rN+}
rPois    +         Spirit   .   (helmet restricted)
rElec    .         Reflect  .   m - +0 cloak
rCorr    .         Harm     .   (no gloves)
MR       .....                  (no boots)
Stlth    ++++......             (no amulet)
Regen    0.2/turn               n - ring of wizardry
MPRegen  0.1/turn               s - ring of poison resistance

@: no status effects
A: horns 1, yellow scales 1, nightstalker 2
a: Renounce Religion


You were on level 4 of the Dungeon.
You worshipped Xom.
You were a beloved toy of Xom.
You were not hungry.

You visited 1 branch of the dungeon, and saw 4 of its levels.

You collected 178 gold pieces.

Inventory:

Hand Weapons
 a - a +0 falchion of chaos (weapon)
 v - a +0 long sword
Armour
 b - a +2 leather armour
 m - a +0 cloak (worn)
 o - a +2 leather armour of positive energy (worn)
Jewellery
 n - a ring of wizardry (left hand)
 s - a ring of poison resistance (right hand)
Wands
 l - a wand of flame (18/48)
Scrolls
 d - a scroll of amnesia
 e - 3 scrolls of fog
 i - a scroll of remove curse
 p - 3 scrolls of enchant weapon
 r - a scroll of recharging
 y - a scroll of teleportation
Potions
 g - a potion of ambrosia
 t - a potion of lignification
 u - a potion of agility
Comestibles
 c - 2 bread rations
 h - 2 fruits
 k - a meat ration
 q - a royal jelly
 w - 2 chunks of flesh


   Skills:
 + Level 3.9 Fighting
 + Level 3.6 Long Blades
 + Level 3.1 Armour
 + Level 2.3 Dodging
 * Level 3.0 Stealth


You had 5 spell levels left.
You didn't know any spells.

Dungeon Overview and Level Annotations

Branches:
Dungeon (4/15)
 Temple: D:4-7

Altars:
Nemelex Xobeh
Uskayaw


Innate Abilities, Weirdness & Mutations

You have a pair of small horns on your head.
You are partially covered in yellow scales. (AC +2)
You are significantly more attuned to the shadows.


Message History

a giant club; an ogre corpse You butcher the ogre corpse.
w - 3 chunks of flesh (gained 1)
You see here a giant club.
You start resting.
Some of the chunks of flesh in your inventory have rotted away.
HP restored.
An ogre comes into view. It is wielding a giant club.
Found 21 bolts.
The ogre shouts!
You hit the ogre but do no damage. The ogre hits you with a giant club!
You hit the ogre.
The ogre is poisoned.
You headbutt the ogre.
The ogre is moderately wounded.
The ogre hits you with a giant club!!
* * * LOW HITPOINT WARNING * * *
You are too injured to fight recklessly!
You hit the ogre.
The ogre flickers and vanishes!
Deactivating autopickup; reactivate with Ctrl-A.
You headbutt something. Something hits you!!
You die...

#.#..###...
.######.#..###.##
.................
###+#.######.#..###.#.
.....(..........###.#.
#.....###.........#.#
#.....# #..)......#.#
#....{# #.........#.#
#....@# #.........#
+.....# #.....#...#
#.....###.........#.#
#.................#.#.
################.##.#.
...........
#####...... #.....(
#..#...


There were no monsters in sight!

Vanquished Creatures
  An ogre (D:4)
  Crazy Yiuf (D:3)
  Natasha (twice) (D:3)
  Robin (D:3)
  6 adders
  An ooze (D:1)
  A worm (D:3)
  2 dart slugs
  2 leopard geckos
  3 orcs (D:4)
  8 bats
  5 giant cockroaches (D:2)
  18 goblins
  10 hobgoblins
  4 jackals (D:2)
  A quokka (D:3)
  A ball python (D:1)
  2 frilled lizards
  8 kobolds
  4 rats
81 creatures vanquished.

Vanquished Creatures (others)
  Natasha (D:3)
1 creature vanquished.

Grand Total: 82 creatures vanquished

Notes
Turn   | Place    | Note
-------+----------+-------------------------------------------
     0 | D:1      | FrancescoMac the Demonspawn Chaos Knight began the quest for the Orb.
     0 | D:1      | Reached XP level 1. HP: 18/18 MP: 1/1
    29 | D:1      | Reached skill level 1 in Dodging
   131 | D:1      | Gained mutation: You are slightly more attuned to the shadows. [demonic ancestry]
   131 | D:1      | Reached XP level 2. HP: 24/24 MP: 2/2
   590 | D:1      | Gained mutation: You have a pair of small horns on your head. [demonic ancestry]
   590 | D:1      | Reached XP level 3. HP: 29/29 MP: 3/3
   592 | D:1      | Reached skill level 1 in Stealth
   850 | D:1      | You fall through a shaft!
  1082 | D:2      | XOM: mild Tmut miscast
  1101 | D:2      | XOM: mild Ice miscast
  1321 | D:2      | Reached XP level 4. HP: 35/35 MP: 4/4
  1396 | D:2      | Found a hide-covered altar of Uskayaw.
  1397 | D:2      | Noticed a hand axe
  1397 | D:2      | Noticed a dagger
  1747 | D:3      | XOM: harmless Ice miscast
  1773 | D:3      | Noticed Robin
  1789 | D:3      | Killed Robin
  1813 | D:3      | Found a runed door.
  1891 | D:3      | XOM: harmless Erth miscast
  1895 | D:3      | Noticed Crazy Yiuf
  1899 | D:3      | XOM: cast spell 'Summon Butterflies'
  1924 | D:3      | XOM: butterfly on damage
  1929 | D:3      | Killed Crazy Yiuf
  2222 | D:3      | XOM: potion effect (agility)
  2224 | D:3      | Gained mutation: You are significantly more attuned to the shadows. [demonic ancestry]
  2224 | D:3      | Reached XP level 5. HP: 41/41 MP: 5/5
  2370 | D:3      | Noticed Natasha
  2377 | D:3      | Killed Natasha
  2665 | D:3      | Found a sparkling altar of Nemelex Xobeh.
  2667 | D:3      | Noticed Natasha
  2668 | D:3      | Killed Natasha
  2668 | D:3      | XOM: divine lightning
  2726 | D:3      | Noticed Natasha
  2736 | D:3      | Killed Natasha
  2944 | D:4      | Noticed an ogre
  2951 | D:4      | Killed an ogre
  2951 | D:4      | Gained mutation: You are partially covered in yellow scales. (AC +2) [demonic ancestry]
  2951 | D:4      | Reached XP level 6. HP: 31/48 MP: 6/6
  3072 | D:4      | Slain by an ogre

Vault maps used:
D:1:      minmay_arrival_cross, minmay_misc_feat_diagonals
D:2:      dancing_weapons_uskayaw, first_bread
D:3:      nemelex_xobeh_ov_fountains_minmay, uniq_natasha,
          uniq_crazy_yiuf_cottage, uniq_robin
D:4:      uniq_edmund

Skill      XL: |  1  2  3  4  5 |
---------------+----------------+-----
Dodging        | 1 2 |  2.3
Long Blades    | 3 |  3.6
Armour         | 2 3 |  3.1
Stealth        | 1 3 |  3.0
Fighting       | |  3.9

Action                   |  1- 3 |  4- 6 || total
-------------------------+-------+-------++-------
Melee: Falchion          |    97 |   109 ||   206
       Headbutt          |     8 |    25 ||    33
  Use: Scroll            |     7 |     6 ||    13
       Potion            |       |     8 ||     8
 Stab: Sleeping          |     5 |     5 ||    10
       Paralysed         |     1 |     3 ||     4
       Confused          |       |     1 ||     1
  Eat: Chunk             |     1 |     4 ||     5
       Royal jelly       |       |     1 ||     1
Armor: Leather armour    |    46 |    28 ||    74
Dodge: Dodged            |    75 |    56 ||   131
       Rpst.: Falchion   |    25 |    13 ||    38
